 Dungeon Crawl Stone Soup version 0.26-a0-388-gf3277c4969 (webtiles) character file.

Game seed: 17058225890543136557

44110 Froggeryz the Severer (level 14, -3/113 HPs)
             Began as a Formicid Chaos Knight on July 18, 2020.
             Was a High Priest of Okawaru.
             Slain by a death yak (13 damage)
             ... on level 6 of the Lair of Beasts on July 21, 2020.
             The game lasted 00:49:04 (73116 turns).

Froggeryz the Severer (Formicid Chaos Knight)      Turns: 73116, Time: 00:49:05

Health: -3/113     AC: 20    Str: 27    XL:     14   Next: 64%
Magic:  13/14      EV: 11    Int: 13    God:    Okawaru [*****.]
Gold:   983        SH:  7    Dex: 21    Spells: 13/13 levels left

rFire    + + +     SeeInvis +   b - +0 broad axe of Wiemp {vamp, rPois}
rCold    + + .     Faith    +   c - +0 buckler
rNeg     . . .     Spirit   .   B - +1 chain mail of Grace {Str+3 Dex+4}
rPois    +         Reflect  .   (helmet unavailable)
rElec    .         Harm     .   x - +0 cloak
rCorr    .         Clarity  +   V - +1 pair of gloves {Str+3}
MR       +++..                  Q - +1 pair of boots {Fly}
Stlth    ..........             a - amulet "Mipef" {Faith rPois Stlth+}
HPRegen  0.28/turn              I - +4 ring of slaying
MPRegen  0.14/turn              s - ring of the Purple Skies {*Contam +Blink rF+ MR+ Dex+7}

@: flying
A: permanent stasis, dig shafts and tunnels, four strong arms, antennae 3, claws
1, repulsion field 1, iridescent scales 1, clarity, cold resistance 2, fire
resistance 2, magic resistance 1, mutation resistance 1, sense surroundings 1,
poison resistance, wild magic 2
a: Dig, Shaft Self, Heroism, Finesse, Renounce Religion, Stop Flying


You were on level 6 of the Lair of Beasts.
You worshipped Okawaru.
Okawaru was extremely pleased with you.
You visited 3 branches of the dungeon, and saw 18 of its levels.
You also visited: Gauntlet.

You collected 1046 gold pieces.
You donated 63 gold pieces to Zin.

Inventory:

Hand Weapons
 b - the +0 broad axe of Wiemp (weapon) {vamp, rPois}
   (You found it in a Gauntlet)

   It inflicts no extra harm, but heals its wielder when it wounds a living foe.
   It protects you from poison.
 d - a +1 vorpal battleaxe
 q - the +7 mace of Impeachment {drain, rC+ Str+4 Dex+3}
   (You found it on level 9 of the Dungeon)

   A truly terrible weapon, it drains the life of those it strikes.
   It affects your strength (+4).
   It affects your dexterity (+3).
   It protects you from cold.
Missiles
 g - 4 boomerangs of dispersal
 h - 34 javelins (quivered)
Armour
 c - a +0 buckler (worn)
 f - a +0 kite shield
 v - the +0 pair of boots "Oprus" {rF+}
   (You found it in a Gauntlet)

   It protects you from fire.
 x - a +0 cloak (worn)
 B - the +1 chain mail of Grace (worn) {Str+3 Dex+4}
   (You found it on level 6 of the Dungeon)

   It affects your strength (+3).
   It affects your dexterity (+4).
 Q - a +1 pair of boots of flying (worn)
 S - the +6 scale mail of the Depths {+Blink Int+2}
   (Okawaru gifted it to you on level 5 of the Lair of Beasts)

   It affects your intelligence (+2).
   It lets you blink.
 V - a +1 pair of gloves of strength (worn)
Jewellery
 a - the amulet "Mipef" (around neck) {Faith rPois Stlth+}
   (Xom gifted it to you on level 2 of the Dungeon)

   [amulet of faith]

   It allows you to gain divine favour quickly.
   It protects you from poison.
   It makes you more stealthy.
 e - a +6 ring of intelligence
 s - the ring of the Purple Skies (right hand) {*Contam +Blink rF+ MR+ Dex+7}
   (Xom gifted it to you on level 3 of the Dungeon)

   [ring of protection from fire]

   It affects your dexterity (+7).
   It protects you from fire.
   It affects your resistance to hostile enchantments.
   It lets you blink.
   It causes magical contamination when unequipped.
 F - an uncursed amulet of reflection
 I - a +4 ring of slaying (left hand)
Wands
 l - a wand of iceblast (10)
 m - a wand of polymorph (10)
 p - a wand of enslavement (8)
 t - a wand of clouds (11)
 O - a wand of random effects (11)
Scrolls
 i - 5 scrolls of remove curse
 n - a scroll of noise
 w - 2 scrolls of enchant weapon
 z - a scroll of immolation
 C - 2 scrolls of random uselessness {unknown}
 E - a scroll of summoning {unknown}
 H - a scroll of holy word
 K - a scroll of enchant armour {unknown}
 L - a scroll of magic mapping
 M - a scroll of identify
 N - a scroll of fear
 R - 2 scrolls of fog
Potions
 j - 4 potions of haste {unknown}
 k - 5 potions of curing
 o - 3 potions of invisibility
 r - a potion of brilliance
 u - 2 potions of mutation {unknown}
 A - 4 potions of lignification {unknown}
 D - a potion of might {unknown}
 G - 2 potions of degeneration {unknown}
 J - 2 potions of flight {unknown}
 P - a potion of stabbing {unknown}
Miscellaneous
 y - a phial of floods


   Skills:
 - Level 11.2 Fighting
 * Level 18.6 Axes
 + Level 5.0 Throwing
 - Level 8.3 Armour
 - Level 0.8 Dodging
 - Level 6.7 Shields


You had 13 spell levels left.
You didn't know any spells.
Your spell library contained the following spells:

 Spells                   Type           Power        Failure   Level
 Summon Small Mammal      Summ           #...         92%         1
 Call Imp                 Summ           #.......     97%         2
 Passwall                 Tmut/Erth      #.......     97%         2
 Call Canine Familiar     Summ           #.......     99%         3
 Summon Guardian Golem    Hex/Summ       #.......     99%         3
 Passage of Golubria      Tloc           N/A          100%        4
 Summon Ice Beast         Ice/Summ       #.......     100%        4
 Summon Lightning Spire   Summ/Air       #.......     100%        4
 Lee's Rapid Deconstruct  Erth           #.........   100%        5
 Invisibility             Hex            #.......     100%        6
 Swiftness                Air            Unusable     N/A         2

Dungeon Overview and Level Annotations

Branches:
Dungeon (11/15)            Temple (1/1) D:4            Lair (6/6) D:9
  Swamp (0/4) Lair:3        Snake (0/4) Lair:3        Slime (0/5) Lair:6
Gauntlet (visited)
    Orc: D:9-12

Altars:
Ashenzari
Cheibriados
Dithmenos
Elyvilon
Fedhas
Gozag
Hepliaklqana
Kikubaaqudgha
Makhleb
Nemelex Xobeh
Okawaru
Qazlal
Ru
Sif Muna
Trog
Uskayaw
Vehumet
Wu Jian
Xom
Yredelemnul
Zin
The Shining One
Jiyva

Shops:
D:4 (   D:8 ?

Annotations:
Lair:4 3 runed translucent doors, Anness's ghost, journeyman DsFE
Lair:6 1 runed translucent door


Innate Abilities, Weirdness & Mutations

You cannot be hasted, slowed, berserked, paralysed or teleported.
You can dig through walls and to a lower floor.
Your four strong arms can wield two-handed weapons with a shield.
You have a pair of large antennae on your head. (SInv)
You have sharp fingernails.
You are surrounded by a mild repulsion field. (EV +2)
You are partially covered in iridescent scales. (AC +2)
You possess an exceptional clarity of mind.
Your flesh is very cold resistant. (rC++)
Your flesh is very heat resistant. (rF++)
You are resistant to hostile enchantments. (MR+)
You are somewhat resistant to further mutation.
You passively map a small area around you.
Your system is resistant to poisons. (rPois)
Your spells are harder to cast, but more powerful.


Message History

You assume a fearsome visage.
The cane toad looks frightened!
The yak looks frightened! x2; The death yak looks frightened!
The death yak resists with almost no effort.
The death yak resists with some effort.
The hippogriff looks frightened!
You feel like a meek peon again.
You hit the death yak.
You feel better.
The death yak is lightly wounded.
You hit the death yak.
You feel better.
The death yak is lightly wounded.
The death yak gores you.
* * * LOW HITPOINT WARNING * * *
You slash the death yak!
The death yak is moderately wounded.
The death yak gores you but does no damage.
You slash the death yak!
The death yak is moderately wounded.
You slash the death yak!
The death yak is moderately wounded.
The death yak gores you!
You die...

,,*,*,*,**,*,,,,***,,,**
,**********,*,,***,,,,,*
** ****,* **{{,,* ***
****** # #### ...###
...P.## ### **##*
......######## #@####..P*
.....P..##...###Y#......*
...Y..........{FYH......*
........................*
!...Y.............Y.....*
........................*
.....................Y..*
.....P.....FY........H..*
......PP................*


You could see 3 death yaks, 2 hippogriffs, 2 yaks and 2 cane toads.

Vanquished Creatures
  Rupert (Lair:3)
  A minotaur (Gauntlet)
  Fannar (Lair:3)
  6 hydras
  A two-headed ogre (D:10)
  8 death yaks
  Nergalle (Lair:1)
  A wizard (Gauntlet)
  8 elephants
  An apocalypse crab (Gauntlet)
  3 black mambas
  A gargoyle (D:11)
  10 cane toads
  4 komodo dragons
  A rime drake (Lair:3)
  A troll (D:9)
  A queen bee (Gauntlet)
  A polar bear (Lair:5)
  4 hippogriffs
  7 blink frogs
  A bog body (Lair:3)
  8 dream sheep
  39 yaks
  2 wyverns
  A basilisk (Lair:5)
  A swamp worm (Lair:3)
  9 water moccasins
  8 porcupines
  A sky beast (D:11)
  8 orc warriors
  An eye of draining (D:10)
  A black bear (D:10)
  3 ice beasts
  3 necrophages
  A phantom (D:7)
  11 wolves
  4 ogres
  10 centaurs
  15 crocodiles
  16 bullfrogs
  A big kobold (Lair:3)
  3 scorpions
  11 killer bees
  15 wights
  3 electric eels
  3 jellies
  2 quasits
  A bullfrog zombie (D:10)
  3 centaur zombies
  2 centaur skeletons
  3 hounds
  11 orc priests
  A bullfrog skeleton (D:7)
  2 iguanas
  16 orc wizards
  Terence (D:2)
  6 worker ants
  A hound skeleton (D:4)
  A worker ant zombie (D:6)
  A howler monkey skeleton (D:7)
  8 adders
  4 gnolls
  9 river rats (D:9)
  3 shadow imps
  2 white imps
  An ufetubus (D:10)
  An adder zombie (D:9)
  An adder skeleton (D:5)
  8 worms
  2 dart slugs
  4 leopard geckos
  47 orcs
  A ball python (D:6)
  5 giant cockroaches
  11 goblins
  8 hobgoblins
  7 jackals (D:6)
  8 kobolds
  A quokka (D:2)
  18 bats
  7 frilled lizards
  A jackal skeleton (D:5)
  A jackal zombie (D:6)
  2 leopard gecko zombies
  A quokka skeleton (D:8)
  25 rats
  2 fungi
  A plant (Lair:2)
481 creatures vanquished.

Vanquished Creatures (others)
  14 fungi
  2 plants
  3 withered plants (Gauntlet)
19 creatures vanquished.

Grand Total: 500 creatures vanquished

Notes
Turn   | Place    | Note
-------+----------+-------------------------------------------
     0 | D:1      | Froggeryz the Formicid Chaos Knight began the quest for the
                  | Orb.
     0 | D:1      | Reached XP level 1. HP: 18/18 MP: 1/1
   120 | D:1      | Reached skill level 1 in Shields
   120 | D:1      | Reached XP level 2. HP: 24/24 MP: 2/2
   219 | D:1      | XOM: silly message
   360 | D:1      | Reached XP level 3. HP: 29/29 MP: 3/3
   822 | D:2      | XOM: silly message
   932 | D:2      | XOM: divination: magic mapping
   968 | D:2      | XOM: divination: magic mapping
   977 | D:2      | Reached XP level 4. HP: 19/35 MP: 4/4
  1198 | D:2      | Reached skill level 4 in Axes
  1407 | D:2      | Found a shimmering altar of Xom.
  1447 | D:2      | Noticed Terence
  1450 | D:2      | Killed Terence
  1484 | D:2      | Reached XP level 5. HP: 37/41 MP: 5/5
  1608 | D:2      | You fall into a shaft and drop 2 floors!
  1640 | D:4      | Found a staircase to the Ecumenical Temple.
  1738 | Temple   | Entered the Ecumenical Temple
  2014 | D:2      | XOM: silly message
  2633 | D:2      | XOM: divination: magic mapping
  2933 | D:3      | XOM: give mutation
  2933 | D:3      | Gained mutation: Scrolls take you a little longer to read.
                  | [Xom's mischief]
  3087 | D:3      | XOM: snakes to sticks
  3137 | D:3      | Reached XP level 6. HP: 47/47 MP: 6/6
  3360 | D:3      | Reached skill level 5 in Axes
  3653 | D:2      | XOM: divination: detect items
  3740 | D:3      | XOM: smoke on damage
  3774 | D:3      | HP: 2/47 [worm (10)]
  3980 | D:3      | XOM: summons 1 hostile shadow creature
  4131 | D:3      | XOM: summons 4 hostile demons
  4332 | D:3      | XOM: give mutation
  4332 | D:3      | Gained mutation: You are surrounded by a mild repulsion
                  | field. (EV +2) [Xom's mischief]
  5126 | D:3      | XOM: silly message
  7235 | D:3      | XOM is BORED!
  7327 | D:3      | XOM: give mutations
  7327 | D:3      | Lost mutation: Scrolls take you a little longer to read.
                  | [Xom's mischief]
  7327 | D:3      | Gained mutation: You occasionally shout uncontrollably at
                  | your foes. [Xom's mischief]
  7327 | D:3      | Gained mutation: You are frail. (-10% HP) [Xom's mischief]
  7327 | D:3      | Gained mutation: You are dopey. (Int -2) [Xom's mischief]
  8363 | D:3      | XOM: god gift: 21 gold pieces
  9531 | D:3      | XOM: god gift: crude turquoise ring {god gift}
  9532 | D:3      | Got a crude turquoise ring {god gift}
  9534 | D:3      | Identified the ring of the Purple Skies {*Contam +Blink rF+
                  | MR+ Dex+7} (Xom gifted it to you on level 3 of the Dungeon)
  9569 | D:3      | XOM: divination: detect items
  9607 | D:3      | XOM: cloud trail
 10190 | D:3      | XOM: give mutations
 10190 | D:3      | Gained mutation: You sometimes yell uncontrollably at your
                  | foes. [Xom's mischief]
 10190 | D:3      | Lost mutation: You sometimes yell uncontrollably at your
                  | foes. [Xom's mischief]
 10190 | D:3      | Gained mutation: You are weak. (Str -2) [Xom's mischief]
 10197 | D:3      | XOM: summons 4 hostile demons
 10614 | D:2      | XOM: scenery: 2 doors close
 10668 | D:2      | XOM: give mutation
 10668 | D:2      | Gained mutation: Your body sometimes deteriorates upon
                  | taking damage. [Xom's mischief]
 11412 | D:2      | XOM: summons 3 hostile demons
 11551 | D:3      | XOM: stat loss: -1 Str (16/17)
 11558 | D:3      | XOM: silly message
 12279 | D:3      | XOM: god gift: scroll labeled VANGEG FUBERIMM {god gift}
 12328 | D:3      | XOM is BORED!
 12328 | D:3      | XOM: stat loss: -2 Str (14/17)
 13099 | D:3      | XOM: scenery: summon butterflies
 13105 | D:3      | XOM: summons 4 hostile demons
 13106 | D:3      | Noticed an orange demon
 13106 | D:3      | Noticed a ynoxinul
 13448 | D:2      | XOM: give mutations
 13448 | D:2      | Gained mutation: Your flesh is cold resistant. (rC+) [Xom's
                  | grace]
 13448 | D:2      | Gained mutation: Your natural rate of healing is unusually
                  | fast. [Xom's grace]
 13971 | D:2      | XOM: give mutation
 13971 | D:2      | Lost mutation: Your flesh is cold resistant. (rC+) [Xom's
                  | mischief]
 14730 | D:2      | XOM: give mutations
 14730 | D:2      | Gained mutation: You are very weak. (Str -4) [Xom's
                  | mischief]
 14730 | D:2      | Lost mutation: You are dopey. (Int -2) [Xom's mischief]
 14730 | D:2      | Lost mutation: Your body sometimes deteriorates upon taking
                  | damage. [Xom's mischief]
 14792 | D:2      | XOM: summons 3 hostile demons
 14793 | D:2      | Noticed a sun demon
 16040 | D:3      | XOM: cloud trail
 16233 | D:3      | XOM: give mutations
 16233 | D:3      | Gained mutation: Scrolls take you a little longer to read.
                  | [Xom's mischief]
 16233 | D:3      | Lost mutation: Your natural rate of healing is unusually
                  | fast. [Xom's mischief]
 16233 | D:3      | Gained mutation: You are very frail. (-20% HP) [Xom's
                  | mischief]
 16233 | D:3      | Lost mutation: You occasionally shout uncontrollably at
                  | your foes. [Xom's mischief]
 16357 | D:3      | XOM is BORED!
 16357 | D:3      | XOM: torment (20/37 hp)
 16441 | D:3      | XOM: summons 4 hostile demons
 16814 | D:2      | XOM: draining
 17032 | D:2      | XOM: summons 1 hostile demon
 17161 | D:2      | XOM: silly message
 17309 | D:2      | XOM: summons 4 hostile demons
 17828 | D:3      | XOM: noise
 17834 | D:3      | XOM: noise
 18259 | D:3      | XOM is BORED!
 18259 | D:3      | XOM: summons 4 hostile demons
 18496 | D:2      | XOM: give mutations
 18496 | D:2      | Lost mutation: You are very frail. (-20% HP) [Xom's
                  | mischief]
 18496 | D:2      | Lost mutation: Scrolls take you a little longer to read.
                  | [Xom's mischief]
 18496 | D:2      | Gained mutation: Your body sometimes deteriorates upon
                  | taking damage. [Xom's mischief]
 18497 | D:2      | XOM: noise
 18666 | D:2      | XOM: give mutations
 18666 | D:2      | Gained mutation: Your body often deteriorates upon taking
                  | damage. [Xom's mischief]
 18666 | D:2      | Lost mutation: You are very weak. (Str -4) [Xom's mischief]
 18666 | D:2      | Lost mutation: You are frail. (-10% HP) [Xom's mischief]
 18876 | D:2      | XOM: give mutations
 18876 | D:2      | Gained mutation: Scrolls take you a little longer to read.
                  | [Xom's mischief]
 18876 | D:2      | Gained mutation: Your movements are slightly less
                  | encumbered by armour. (ER -2) [Xom's mischief]
 18876 | D:2      | Gained mutation: Scrolls take you longer to read. [Xom's
                  | mischief]
 18876 | D:2      | Gained mutation: You possess an exceptional clarity of
                  | mind. [Xom's mischief]
 19140 | D:2      | XOM: cloud trail
 20120 | D:2      | XOM: give mutations
 20120 | D:2      | Lost mutation: Scrolls take you longer to read. [Xom's
                  | mischief]
 20120 | D:2      | Lost mutation: Scrolls take you a little longer to read.
                  | [Xom's mischief]
 20120 | D:2      | Lost mutation: You are weak. (Str -2) [Xom's mischief]
 20344 | D:2      | XOM: torment (25/47 hp)
 20390 | D:2      | XOM: draining
 20695 | D:2      | XOM is BORED!
 20695 | D:2      | XOM: give mutation
 20695 | D:2      | Lost mutation: Your body often deteriorates upon taking
                  | damage. [Xom's mischief]
 22519 | D:2      | XOM is BORED!
 22519 | D:2      | XOM: give mutations
 22519 | D:2      | Gained mutation: You are frail. (-10% HP) [Xom's mischief]
 22519 | D:2      | Lost mutation: You are frail. (-10% HP) [Xom's mischief]
 22519 | D:2      | Lost mutation: Your movements are slightly less encumbered
                  | by armour. (ER -2) [Xom's mischief]
 22715 | D:2      | XOM: scenery: 2 doors open
 23073 | D:2      | XOM: give mutations
 23073 | D:2      | Gained mutation: Your muscles are strong. (Str +2) [Xom's
                  | grace]
 23073 | D:2      | Gained mutation: You are resistant to electric shocks.
                  | (rElec) [Xom's grace]
 23073 | D:2      | Gained mutation: You are somewhat resistant to further
                  | mutation. [Xom's grace]
 23073 | D:2      | Gained mutation: Your mind is acute. (Int +2) [Xom's grace]
 23155 | D:2      | XOM: give mutation
 23155 | D:2      | Gained mutation: Scrolls take you a little longer to read.
                  | [Xom's mischief]
 24192 | D:2      | XOM: god gift: scintillating crystal amulet {god gift}
 24193 | D:2      | Got a scintillating crystal amulet {god gift}
 24204 | D:2      | Identified the amulet "Mipef" {Faith rPois Stlth+} (Xom
                  | gifted it to you on level 2 of the Dungeon)
 24497 | D:2      | XOM: god gift: glowing rapier {god gift}
 24794 | D:2      | XOM: give mutations
 24794 | D:2      | Gained mutation: Scrolls take you longer to read. [Xom's
                  | mischief]
 24794 | D:2      | Lost mutation: You are resistant to electric shocks.
                  | (rElec) [Xom's mischief]
 24794 | D:2      | Gained mutation: You are clumsy. (Dex -2) [Xom's mischief]
 24794 | D:2      | Lost mutation: Your body sometimes deteriorates upon taking
                  | damage. [Xom's mischief]
 25321 | D:2      | XOM: give mutations
 25321 | D:2      | Gained mutation: You expend magic power (3 MP) to
                  | strengthen your wands. [Xom's grace]
 25321 | D:2      | Gained mutation: Your system is resistant to poisons.
                  | (rPois) [Xom's grace]
 25321 | D:2      | Gained mutation: Your flesh is heat resistant. (rF+) [Xom's
                  | grace]
 25613 | D:2      | XOM: give mutations
 25613 | D:2      | Gained mutation: You have sharp toenails. [Xom's grace]
 25613 | D:2      | Lost mutation: You are clumsy. (Dex -2) [Xom's grace]
 25692 | D:2      | XOM is BORED!
 25692 | D:2      | XOM: summons 2 hostile demons
 25771 | D:3      | XOM: give mutation
 25771 | D:3      | Lost mutation: You are somewhat resistant to further
                  | mutation. [Xom's grace]
 25771 | D:3      | Gained mutation: You evolve. [Xom's grace]
 26202 | D:3      | XOM: summons 4 hostile demons
 26452 | D:2      | XOM: summons 4 hostile demons
 26587 | D:3      | Gained mutation: You are partially covered in rugged brown
                  | scales. (AC +1, +3% HP) [evolution]
 27197 | D:3      | XOM: give mutations
 27197 | D:3      | Lost mutation: Your mind is acute. (Int +2) [Xom's
                  | mischief]
 27197 | D:3      | Lost mutation: You are partially covered in rugged brown
                  | scales. (AC +1, +3% HP) [Xom's mischief]
 27197 | D:3      | Gained mutation: You are frail. (-10% HP) [Xom's mischief]
 27197 | D:3      | Lost mutation: You are frail. (-10% HP) [Xom's mischief]
 27321 | D:3      | XOM: give mutation
 27321 | D:3      | Gained mutation: Your body sometimes deteriorates upon
                  | taking damage. [Xom's mischief]
 27371 | D:3      | XOM: give mutations
 27371 | D:3      | Gained mutation: You are frail. (-10% HP) [Xom's mischief]
 27371 | D:3      | Lost mutation: You are frail. (-10% HP) [Xom's mischief]
 27511 | D:3      | XOM: cloud trail
 27524 | D:3      | XOM: give mutations
 27524 | D:3      | Gained mutation: You have razor-sharp toenails. [Xom's
                  | grace]
 27524 | D:3      | Lost mutation: You evolve. [Xom's grace]
 27524 | D:3      | Gained mutation: You are somewhat resistant to further
                  | mutation. [Xom's grace]
 27524 | D:3      | Gained mutation: You have claws for feet. [Xom's grace]
 27524 | D:3      | Gained mutation: You passively map a small area around you.
                  | [Xom's grace]
 27956 | D:3      | XOM: god gift: runed great mace {god gift}
 28838 | D:2      | XOM: give mutations
 28838 | D:2      | Gained mutation: Your muscles are very strong. (Str +4)
                  | [Xom's grace]
 28838 | D:2      | Gained mutation: You are surrounded by a moderate repulsion
                  | field. (EV +3) [Xom's grace]
 29234 | D:2      | XOM: draining
 29238 | D:2      | XOM: scenery: 2 doors close
 30137 | D:2      | XOM: cloud trail
 30381 | D:2      | XOM: scenery: 2 doors open
 30781 | D:2      | XOM: give mutations
 30781 | D:2      | Gained mutation: You are robust. (+10% HP) [Xom's grace]
 30781 | D:2      | Gained mutation: Your flesh is cold resistant. (rC+) [Xom's
                  | grace]
 30781 | D:2      | Gained mutation: You are partially covered in iridescent
                  | scales. (AC +2) [Xom's grace]
 30781 | D:2      | Gained mutation: You are agile. (Dex +2) [Xom's grace]
 31099 | D:2      | XOM is BORED!
 31373 | D:2      | XOM: summons 1 hostile shadow creature
 31442 | D:3      | XOM: cloud trail
 31485 | D:3      | XOM: god gift: war axe {god gift}
 31533 | D:3      | XOM: god gift: scroll of teleportation
 31664 | D:3      | XOM: give mutations
 31664 | D:3      | Gained mutation: Your flesh is very heat resistant. (rF++)
                  | [Xom's grace]
 31664 | D:3      | Gained mutation: You are very robust. (+20% HP) [Xom's
                  | grace]
 31664 | D:3      | Gained mutation: Your flesh is almost immune to the effects
                  | of heat. (rF+++) [Xom's grace]
 31664 | D:3      | Gained mutation: You have very sharp teeth. [Xom's grace]
 31990 | D:3      | XOM: divination: detect creatures
 32329 | D:2      | XOM: give mutations
 32329 | D:2      | Lost mutation: You are somewhat resistant to further
                  | mutation. [Xom's grace]
 32329 | D:2      | Gained mutation: You evolve. [Xom's grace]
 32329 | D:2      | Gained mutation: Your flesh is very cold resistant. (rC++)
                  | [Xom's grace]
 32329 | D:2      | Lost mutation: You evolve. [Xom's grace]
 32329 | D:2      | Gained mutation: You are somewhat resistant to further
                  | mutation. [Xom's grace]
 32329 | D:2      | Lost mutation: You are somewhat resistant to further
                  | mutation. [Xom's grace]
 32329 | D:2      | Gained mutation: You evolve. [Xom's grace]
 32880 | D:2      | XOM: scenery: 2 doors close
 33455 | D:2      | XOM: god gift: wand of clouds (7)
 34078 | D:2      | XOM: give mutations
 34078 | D:2      | Lost mutation: You are agile. (Dex +2) [Xom's mischief]
 34078 | D:2      | Lost mutation: Your body sometimes deteriorates upon taking
                  | damage. [Xom's mischief]
 34078 | D:2      | Lost mutation: Your muscles are very strong. (Str +4)
                  | [Xom's mischief]
 34078 | D:2      | Lost mutation: Scrolls take you longer to read. [Xom's
                  | mischief]
 34688 | D:2      | XOM: summons 1 hostile shadow creature
 34887 | D:2      | XOM: summons 1 hostile demon
 35062 | D:2      | XOM: torment (29/56 hp)
 35324 | D:2      | XOM: give mutations
 35324 | D:2      | Lost mutation: Scrolls take you a little longer to read.
                  | [Xom's mischief]
 35324 | D:2      | Lost mutation: Your flesh is very cold resistant. (rC++)
                  | [Xom's mischief]
 36213 | D:2      | XOM: give mutations
 36213 | D:2      | Gained mutation: Your spells are a little harder to cast,
                  | but a little more powerful. [Xom's grace]
 36213 | D:2      | Gained mutation: You are agile. (Dex +2) [Xom's grace]
 36213 | D:2      | Gained mutation: You passively map the area around you.
                  | [Xom's grace]
 36303 | D:2      | XOM: summons 2 hostile shadow creatures
 36387 | D:2      | XOM: give mutations
 36387 | D:2      | Lost mutation: You evolve. [Xom's grace]
 36387 | D:2      | Gained mutation: You are somewhat resistant to further
                  | mutation. [Xom's grace]
 36387 | D:2      | Gained mutation: You are very agile. (Dex +4) [Xom's grace]
 36387 | D:2      | Gained mutation: You have sharp fingernails. [Xom's grace]
 36387 | D:2      | Gained mutation: You are covered in fur. (AC +1) [Xom's
                  | grace]
 36751 | D:2      | XOM: cloud trail
 37402 | D:2      | XOM: give mutations
 37402 | D:2      | Gained mutation: You are somewhat resistant to both further
                  | mutation and mutation removal. [Xom's grace]
 37402 | D:2      | Lost mutation: You have very sharp teeth. [Xom's grace]
 37402 | D:2      | Gained mutation: You have a beak for a mouth. [Xom's grace]
 37653 | D:2      | XOM: silly message
 37927 | D:2      | XOM: god gift: flail {god gift}
 38024 | D:2      | XOM: give mutations
 38024 | D:2      | Gained mutation: You are resistant to hostile enchantments.
                  | (MR+) [Xom's grace]
 38024 | D:2      | Gained mutation: Your flesh is very cold resistant. (rC++)
                  | [Xom's grace]
 38108 | D:2      | XOM: god gift: 6 boomerangs of dispersal
 38220 | D:2      | XOM: give mutations
 38220 | D:2      | Gained mutation: Your spells are harder to cast, but more
                  | powerful. [Xom's grace]
 38220 | D:2      | Gained mutation: Your spells are much harder to cast, but
                  | much more powerful. [Xom's grace]
 38220 | D:2      | Gained mutation: You are extremely robust. (+30% HP) [Xom's
                  | grace]
 38607 | D:2      | XOM is BORED!
 38607 | D:2      | XOM: summons 4 hostile demons
 38608 | D:2      | Noticed a red devil
 38717 | D:3      | XOM: give mutations
 38717 | D:3      | Gained mutation: You are almost entirely resistant to
                  | further mutation and mutation removal. [Xom's grace]
 38717 | D:3      | Gained mutation: Your mind is acute. (Int +2) [Xom's grace]
 38836 | D:3      | XOM: divination: detect items
 38848 | D:3      | XOM: god gift: war axe {god gift}
 39010 | D:3      | XOM: stat loss: -1 Int (12/13)
 40269 | D:3      | XOM: give mutation
 40269 | D:3      | Lost mutation: You are surrounded by a moderate repulsion
                  | field. (EV +3) [Xom's mischief]
 40678 | D:3      | XOM: give mutation
 40678 | D:3      | Gained mutation: Your mind is very acute. (Int +4) [Xom's
                  | grace]
 40735 | D:3      | XOM: cloud trail
 40817 | D:3      | XOM: give mutations
 40817 | D:3      | Lost mutation: You expend magic power (3 MP) to strengthen
                  | your wands. [Xom's mischief]
 40817 | D:3      | Lost mutation: You have claws for feet. [Xom's mischief]
 40817 | D:3      | Lost mutation: You have razor-sharp toenails. [Xom's
                  | mischief]
 40817 | D:3      | Lost mutation: You are very agile. (Dex +4) [Xom's
                  | mischief]
 41218 | D:3      | XOM: give mutations
 41218 | D:3      | Lost mutation: You are almost entirely resistant to further
                  | mutation and mutation removal. [Xom's mischief]
 41218 | D:3      | Lost mutation: You are agile. (Dex +2) [Xom's mischief]
 41327 | D:3      | XOM: give mutations
 41327 | D:3      | Lost mutation: Your mind is very acute. (Int +4) [Xom's
                  | mischief]
 41327 | D:3      | Lost mutation: Your flesh is almost immune to the effects
                  | of heat. (rF+++) [Xom's mischief]
 41327 | D:3      | Lost mutation: You have sharp toenails. [Xom's mischief]
 41327 | D:3      | Lost mutation: You are somewhat resistant to both further
                  | mutation and mutation removal. [Xom's mischief]
 41780 | D:3      | XOM: give mutations
 41780 | D:3      | Lost mutation: Your spells are much harder to cast, but
                  | much more powerful. [Xom's mischief]
 41780 | D:3      | Lost mutation: Your spells are harder to cast, but more
                  | powerful. [Xom's mischief]
 42787 | D:3      | XOM: give mutation
 42787 | D:3      | Lost mutation: Your spells are a little harder to cast, but
                  | a little more powerful. [Xom's mischief]
 42980 | D:3      | XOM: summons 1 hostile demon
 43521 | D:2      | XOM: silly message
 43600 | D:2      | XOM: cloud trail
 43685 | D:2      | XOM: cloud trail
 43824 | D:2      | XOM: scenery: 2 doors open
 43866 | D:2      | XOM: scenery: 2 doors close
 44129 | D:2      | XOM is BORED!
 45079 | D:2      | XOM: scenery: 2 doors open
 45252 | D:2      | XOM: divination: magic mapping
 45548 | D:2      | XOM: give mutations
 45548 | D:2      | Gained mutation: Your muscles are very strong. (Str +4)
                  | [Xom's grace]
 45548 | D:2      | Gained mutation: You are agile. (Dex +2) [Xom's grace]
 45548 | D:2      | Gained mutation: You are highly resistant to hostile
                  | enchantments. (MR++) [Xom's grace]
 45889 | D:2      | XOM: scenery: 2 doors close
 45980 | D:2      | XOM: give mutations
 45980 | D:2      | Gained mutation: Your spells are a little harder to cast,
                  | but a little more powerful. [Xom's grace]
 45980 | D:2      | Gained mutation: Your mind is very acute. (Int +4) [Xom's
                  | grace]
 45980 | D:2      | Gained mutation: Your flesh is almost immune to the effects
                  | of heat. (rF+++) [Xom's grace]
 45980 | D:2      | Gained mutation: You are somewhat resistant to both further
                  | mutation and mutation removal. [Xom's grace]
 46241 | D:2      | XOM: divination: magic mapping
 46332 | D:2      | XOM: god gift: wand of clouds (5)
 46357 | D:2      | XOM: scenery: 2 doors open
 46382 | D:2      | XOM: divination: detect items
 46658 | D:2      | XOM: give mutations
 46658 | D:2      | Lost mutation: You are somewhat resistant to both further
                  | mutation and mutation removal. [Xom's mischief]
 46658 | D:2      | Lost mutation: You possess an exceptional clarity of mind.
                  | [Xom's mischief]
 46658 | D:2      | Lost mutation: You are agile. (Dex +2) [Xom's mischief]
 46930 | D:2      | XOM: scenery: 2 doors close
 47310 | D:2      | XOM: draining
 47677 | D:2      | XOM: scenery: 2 doors open
 47772 | D:2      | XOM: give mutation
 47772 | D:2      | Lost mutation: You are extremely robust. (+30% HP) [Xom's
                  | mischief]
 47822 | D:2      | XOM: give mutations
 47822 | D:2      | Gained mutation: You possess an exceptional clarity of
                  | mind. [Xom's grace]
 47822 | D:2      | Gained mutation: You have sharp toenails. [Xom's grace]
 47822 | D:2      | Gained mutation: You are partially covered in large bone
                  | plates. (SH +4) [Xom's grace]
 47822 | D:2      | Gained mutation: Your spells are harder to cast, but more
                  | powerful. [Xom's grace]
 48439 | D:2      | XOM: noise
 48473 | D:2      | XOM is BORED!
 48473 | D:2      | XOM: give mutations
 48473 | D:2      | Lost mutation: You passively map the area around you.
                  | [Xom's mischief]
 48473 | D:2      | Lost mutation: You are very robust. (+20% HP) [Xom's
                  | mischief]
 48958 | D:2      | XOM: summons 4 hostile shadow creatures
 48977 | D:3      | XOM: torment (27/51 hp)
 49145 | D:3      | XOM: stat loss: -1 Str (19/23)
 49189 | D:3      | XOM: noise
 49762 | D:3      | XOM: summons 2 hostile shadow creatures
 49912 | D:3      | XOM: give mutations
 49912 | D:3      | Lost mutation: Your muscles are very strong. (Str +4)
                  | [Xom's mischief]
 49912 | D:3      | Lost mutation: You are highly resistant to hostile
                  | enchantments. (MR++) [Xom's mischief]
 49912 | D:3      | Lost mutation: You have a beak for a mouth. [Xom's
                  | mischief]
 49912 | D:3      | Lost mutation: Your muscles are strong. (Str +2) [Xom's
                  | mischief]
 50114 | D:3      | XOM: summons 2 hostile shadow creatures
 50130 | D:3      | XOM: stat loss: -1 Int (13/15)
 50188 | Temple   | Fell from the grace of Xom
 50188 | Temple   | Became a worshipper of Zin the Law-Giver
 50188 | Temple   | Reached * piety under Zin
 50422 | D:4      | XOM: swap monsters
 50435 | D:4      | Reached skill level 5 in Shields
 50522 | D:4      | XOM: summons 3 hostile demons
 50581 | D:4      | Found Qig Fen's Weapon Shop.
 50596 | D:4      | Noticed an ogre
 50615 | D:4      | Killed an ogre
 50615 | D:4      | Reached XP level 7. HP: 57/57 MP: 7/7
 50857 | D:4      | Reached skill level 6 in Axes
 51073 | D:5      | Entered Level 5 of the Dungeon
 51099 | D:5      | Reached ** piety under Zin
 51144 | D:5      | Reached XP level 8. HP: 25/63 MP: 8/8
 51317 | D:5      | XOM: god gift: scroll labeled EMEPURRUKK {god gift}
 51460 | D:5      | XOM: god gift: wand of acid (6)
 51549 | D:5      | Reached skill level 7 in Axes
 51961 | D:5      | Upgraded the game from 0.26-a0-362-g1d9a9cd4fa to
                  | 0.26-a0-365-g11c2b627af
 52261 | D:6      | XOM: summons 1 hostile demon
 52341 | D:6      | Reached skill level 8 in Axes
 52760 | D:6      | HP: 2/63 [orc warrior/+0 short sword (18)]
 52875 | D:6      | XOM: give mutation
 52875 | D:6      | Lost mutation: Your mind is very acute. (Int +4) [Xom's
                  | mischief]
 52910 | D:6      | XOM: give mutation
 52910 | D:6      | Lost mutation: You are covered in fur. (AC +1) [Xom's
                  | mischief]
 52995 | D:6      | Reached skill level 9 in Axes
 53007 | D:6      | Reached XP level 9. HP: 68/70 MP: 9/9
 53361 | D:6      | Got a shimmering chain mail
 53362 | D:6      | Identified the +1 chain mail of Grace {Str+3 Dex+4} (You
                  | found it on level 6 of the Dungeon)
 53418 | D:6      | XOM: give mutations
 53418 | D:6      | Lost mutation: Your flesh is almost immune to the effects
                  | of heat. (rF+++) [Xom's mischief]
 53418 | D:6      | Lost mutation: You are robust. (+10% HP) [Xom's mischief]
 53664 | D:6      | Reached skill level 10 in Axes
 54056 | D:7      | Upgraded the game from 0.26-a0-365-g11c2b627af to
                  | 0.26-a0-376-g13fbb91ece
 54509 | D:7      | Reached skill level 11 in Axes
 54770 | D:7      | Reached *** piety under Zin
 54976 | Temple   | Fell from the grace of Zin
 54976 | Temple   | Became a worshipper of the Shining One
 54976 | Temple   | Reached * piety under the Shining One
 55179 | Temple   | Fell from the grace of the Shining One
 55179 | Temple   | Became a worshipper of Zin the Law-Giver
 55733 | D:7      | XOM: summons 3 hostile demons
 55758 | D:7      | XOM: scenery: summon butterflies
 55999 | D:8      | Found Amoul's Magic Scroll Emporium.
 56030 | D:8      | Upgraded the game from 0.26-a0-376-g13fbb91ece to
                  | 0.26-a0-388-gf3277c4969
 56079 | D:8      | Reached XP level 10. HP: 59/70 MP: 10/10
 56302 | D:8      | Reached skill level 12 in Axes
 56921 | D:8      | XOM: give mutation
 56921 | D:8      | Lost mutation: Your mind is acute. (Int +2) [Xom's
                  | mischief]
 57150 | D:9      | Noticed a two-headed ogre
 57226 | D:9      | XOM: blink monster(s)
 57860 | D:9      | Reached skill level 13 in Axes
 57913 | D:8      | XOM: stat loss: -1 Str (22/23)
 58210 | D:9      | Found a staircase to the Lair.
 58525 | D:9      | Noticed a two-headed ogre
 58892 | D:9      | Reached skill level 5 in Fighting
 59056 | D:9      | Got a fine mace
 59069 | D:9      | Found a white marble altar of Elyvilon.
 59069 | D:9      | Found a sacrificial altar of Ru.
 59074 | D:9      | Found an opulent altar of Gozag.
 59076 | D:9      | Found a hazy altar of Hepliaklqana.
 59078 | D:9      | Found a shimmering blue altar of Sif Muna.
 59132 | D:10     | Entered Level 10 of the Dungeon
 59233 | D:9      | XOM: noise
 59798 | D:10     | XOM: enchant monster (bad)
 59860 | D:10     | XOM: give mutations
 59860 | D:10     | Lost mutation: You have sharp toenails. [Xom's mischief]
 59860 | D:10     | Lost mutation: You are partially covered in large bone
                  | plates. (SH +4) [Xom's mischief]
 60063 | D:10     | Reached XP level 11. HP: 25/81 MP: 11/11
 60214 | D:10     | XOM: scenery: summon butterflies
 60512 | D:10     | Reached skill level 14 in Axes
 60577 | D:10     | Reached **** piety under Zin
 60754 | D:10     | Noticed a two-headed ogre
 60777 | D:10     | Killed a two-headed ogre
 61429 | D:11     | Reached ***** piety under Zin
 61665 | D:11     | Noticed a six-headed hydra
 61889 | Lair:1   | Entered Level 1 of the Lair of Beasts
 62540 | Lair:1   | XOM: god gift: scroll labeled HESAIMYIMA {god gift}
 62540 | Lair:1   | Was forgiven by Xom
 62795 | Temple   | Fell from the grace of Zin
 62795 | Temple   | Became a worshipper of the Shining One
 62795 | Temple   | Reached ** piety under the Shining One
 62807 | Temple   | Fell from the grace of the Shining One
 62807 | Temple   | Became a worshipper of Warmaster Okawaru
 63066 | Lair:1   | Reached skill level 15 in Axes
 63140 | Lair:1   | Noticed Nergalle
 63163 | Lair:1   | Killed Nergalle
 63163 | Lair:1   | Reached * piety under Okawaru
 63181 | Lair:1   | Reached XP level 12. HP: 66/93 MP: 12/12
 63638 | Lair:1   | Identified the +7 mace of Impeachment {drain, rC+ Str+4
                  | Dex+3} (You found it on level 9 of the Dungeon)
 63708 | Lair:2   | Noticed a four-headed hydra
 63719 | Lair:1   | Killed a four-headed hydra
 63719 | Lair:1   | Reached ** piety under Okawaru
 64691 | Lair:2   | Noticed a four-headed hydra
 64702 | Lair:2   | Killed a four-headed hydra
 64702 | Lair:2   | Reached *** piety under Okawaru
 64826 | Lair:2   | Noticed a seven-headed hydra
 64837 | Lair:2   | Killed an eight-headed hydra
 64837 | Lair:2   | Reached skill level 5 in Armour
 65000 | Lair:2   | Reached **** piety under Okawaru
 65019 | Lair:2   | Reached skill level 16 in Axes
 66189 | Lair:3   | Reached ***** piety under Okawaru
 66326 | Lair:3   | Reached XP level 13. HP: 86/103 MP: 13/13
 66387 | Lair:3   | Noticed Rupert
 66412 | Lair:3   | Killed Rupert
 66412 | Lair:3   | Reached skill level 10 in Fighting
 66565 | Lair:3   | Noticed Fannar
 66605 | Lair:3   | Killed Fannar
 66605 | Lair:3   | Received a gift from Okawaru
 66636 | Lair:3   | Noticed Sonja
 66638 | Lair:3   | Noticed Sonja
 66638 | Lair:3   | Sonja changed into Sonja the big kobold
 66647 | Lair:3   | Killed Sonja the big kobold
 66798 | Lair:3   | Found a staircase to the Snake Pit.
 66815 | Lair:3   | Noticed a seven-headed hydra
 66824 | Lair:3   | Killed a seven-headed hydra
 67271 | Lair:3   | Reached skill level 17 in Axes
 67607 | Lair:3   | Found a staircase to the Swamp.
 68430 | Lair:4   | Found a runed translucent gate.
 68430 | Lair:4   | Found a runed translucent gate.
 68431 | Lair:4   | Found a runed translucent gate.
 68432 | Lair:4   | Noticed Anness's ghost (journeyman DsFE)
 68499 | Lair:4   | Received a gift from Okawaru
 69492 | Lair:4   | Noticed a four-headed hydra
 69499 | Lair:4   | Killed a four-headed hydra
 69499 | Lair:4   | Reached XP level 14. HP: 111/113 MP: 14/14
 69743 | Lair:4   | Found a viscous altar of Jiyva.
 69782 | Lair:5   | Reached skill level 1 in Throwing
 70597 | Lair:5   | Received a gift from Okawaru
 70605 | Lair:5   | Reached skill level 18 in Axes
 70614 | Lair:5   | Got a crude scale mail {god gift}
 70615 | Lair:5   | Identified the +6 scale mail of the Depths {+Blink Int+2}
                  | (Okawaru gifted it to you on level 5 of the Lair of Beasts)
 71038 | Lair:5   | Reached ****** piety under Okawaru
 71472 | Lair:5   | Found a white marble altar of Elyvilon.
 71753 | Lair:6   | Entered Level 6 of the Lair of Beasts
 72153 | Lair:6   | Found a runed translucent door.
 72153 | Lair:6   | Found a viscous altar of Jiyva.
 72153 | Lair:6   | Found a staircase to the Slime Pits.
 72153 | Lair:6   | Noticed an azure jelly
 72153 | Lair:6   | Noticed an azure jelly
 72153 | Lair:6   | Noticed an azure jelly
 72250 | Lair:6   | Found a gate leading to a gauntlet.
 72259 | Gauntlet | Entered a Gauntlet
 72259 | Gauntlet | Found a transporter.
 72603 | Gauntlet | Found a transporter.
 72614 | Gauntlet | Found a transporter.
 72619 | Gauntlet | Found a transporter.
 72634 | Gauntlet | Found a transporter.
 72653 | Gauntlet | Found a transporter.
 72661 | Gauntlet | Found a large runed translucent door.
 72662 | Gauntlet | Found a large runed translucent door.
 72663 | Gauntlet | Found a large runed translucent door.
 72663 | Gauntlet | Found a large runed translucent door.
 72664 | Gauntlet | Found a runed translucent gate.
 72665 | Gauntlet | Found a transporter.
 72665 | Gauntlet | Found a runed translucent gate.
 72666 | Gauntlet | Found a runed translucent gate.
 72667 | Gauntlet | Found a large runed translucent door.
 72667 | Gauntlet | Found a large runed translucent door.
 72668 | Gauntlet | Found a large runed translucent door.
 72669 | Gauntlet | Found a large runed translucent door.
 72677 | Gauntlet | Found a transporter.
 72689 | Gauntlet | Found a transporter.
 72708 | Gauntlet | Found a transporter.
 72708 | Gauntlet | Noticed a reaper
 72725 | Gauntlet | Found a transporter.
 72743 | Gauntlet | Found a transporter.
 72745 | Gauntlet | Found a transporter.
 72772 | Gauntlet | Found a transporter.
 72772 | Gauntlet | Found a transporter.
 72810 | Gauntlet | Found a transporter.
 72811 | Gauntlet | Found a transporter.
 72813 | Gauntlet | Found a large runed translucent door.
 72814 | Gauntlet | Found a large runed translucent door.
 72815 | Gauntlet | Found a large runed translucent door.
 72815 | Gauntlet | Found a large runed translucent door.
 72816 | Gauntlet | Got a pair of shimmering boots
 72817 | Gauntlet | Identified the +0 pair of boots "Oprus" {rF+} (You found it
                  | in a Gauntlet)
 72890 | Gauntlet | Found a large runed translucent door.
 72890 | Gauntlet | Found a large runed translucent door.
 72890 | Gauntlet | Found a runed translucent door.
 72890 | Gauntlet | Found a runed translucent door.
 72892 | Gauntlet | Found a large runed translucent door.
 72893 | Gauntlet | Found a transporter.
 72893 | Gauntlet | Found a large runed translucent door.
 73000 | Gauntlet | Got an iridescent broad axe
 73007 | Gauntlet | Identified the cursed +0 broad axe of Wiemp {vamp, rPois}
                  | (You found it in a Gauntlet)
 73071 | Gauntlet | Noticed a minotaur
 73082 | Gauntlet | Killed a minotaur
 73107 | Lair:6   | Reached skill level 5 in Throwing
 73116 | Lair:6   | Slain by a death yak

Illustrated notes

Levels and vault maps discovered:
D:1:      heliophobic_arrival_battle_scene, layout_loops_ring
D:2:      layout_basic, lemuel_coloured_pillars_altar, uniq_terence
D:3:      layout_loops_cross, skrybe_limestone_x, minmay_increasing_density
D:4:      layout_basic, temple_hall, serial_shops, nicolae_shop_stone
D:5:      layout_basic
D:6:      layout_loops_corners
D:7:      layout_loops_ring
D:8:      layout_basic, serial_shops, shop, minmay_misc_feat_diagonals,
          minmay_misc_feat_more_columns
D:9:      layout_big_octagon, chequers_temple_overflow_minitemple,
          dpeg_oklobed_lair, serial_undead, serial_undead_a, serial_undead_d,
          serial_undead_b, serial_undead_c, dk_rats_in_the_wall
D:10:     layout_basic
D:11:     layout_cave_pools, hiddenorc1_lemuel, special_room [special_room_bee],
          doesnt_xom_only_xom
Temple:   eino_temple_scatter_basement
Lair:1:   layout_gridlike, chequers_serial_rivers_micro_b, uniq_nergalle
Lair:2:   layout_long_grid, grunt_megastairs_4
Lair:3:   layout_gridlike, nicolae_swamp_entry_splash_gauntlet,
          guppyfry_snake_entry_island, uniq_rupert, uniq_sonja, uniq_fannar
Lair:4:   layout_regular_city, gammafunk_ghost_ooze, grunt_megastairs_3
Lair:5:   layout_misc_corridors, st_stairs_6, lemuel_centaur_altar,
          grunt_megastairs_1
Lair:6:   hangedman_lair_caniforms_friends, layout_hall_layers,
          guppyfry_lair_end_dragon, slime_altar_2, gauntlet_entry_generic

Skill      XL: |  1  2  3  4  5  6  7  8  9 10 11 12 13 14 |
---------------+-------------------------------------------+-----
Shields        | 1 2 3 4 5 6 |  6.7
Axes           | 4 5 6 9 11 13 15 16 17 18 | 18.6
Fighting       | 5 8 9 11 | 11.2
Armour         | 6 8 |  8.3
Throwing       | 5 |  5.0
Dodging        | |  0.8

Action                   |  1- 3 |  4- 6 |  7- 9 | 10-12 | 13-15 || total
-------------------------+-------+-------+-------+-------+-------++-------
Melee: Hand axe          |   107 |   290 |   511 |   935 |   689 ||  2532
       Kick              |       |     6 |       |       |       ||     6
       Bite              |       |     2 |       |       |       ||     2
       Peck              |       |     1 |       |       |       ||     1
       Mace              |       |       |       |    18 |    16 ||    34
       Broad axe         |       |       |       |       |    16 ||    16
Throw: Throwing net      |       |     1 |       |       |       ||     1
       Javelin           |       |       |       |    30 |     2 ||    32
       Boomerang         |       |       |       |     2 |       ||     2
Invok: Heroism           |       |       |       |     1 |     3 ||     4
 Abil: Dig               |       |       |       |     2 |     4 ||     6
Evoke: Wand              |       |       |     5 |     1 |     3 ||     9
       Phial of floods   |       |       |       |     1 |       ||     1
  Use: Scroll            |       |     9 |     4 |     8 |     6 ||    27
       Potion            |       |       |     1 |     5 |       ||     6
 Stab: Confused          |       |     2 |       |       |     3 ||     5
       Sleeping          |       |     1 |     3 |       |       ||     4
       Paralysed         |       |     1 |       |       |     1 ||     2
       Distracted        |       |     1 |       |       |       ||     1
       Invisible         |       |       |       |     5 |       ||     5
Armor: Leather armour    |    38 |    98 |    93 |       |       ||   229
       Chain mail        |       |       |    54 |   258 |   262 ||   574
Dodge: Dodged            |    55 |   163 |   207 |   254 |   266 ||   945
Block: Buckler           |    16 |    91 |   233 |   283 |   182 ||   805

Table legend: (Time is in decaauts)
 A = Elapsed time spent in this place.
 B = Non-inter-level travel time spent in this place.
 C = Inter-level travel time spent in this place.
 D = Time resting spent in this place.
 E = Time spent auto-exploring this place.
 F = Levels seen in this place.
 G = Mean time per level.
                   A        B        C        D        E       F      G
               +--------+--------+--------+--------+--------+-----+--------+
         Total |  72522 |  70803 |   1719 |  54806 |  11200 |  19 | 3816.9 |
       Dungeon |  61684 |  60486 |   1198 |  50242 |   7070 |  11 | 5607.6 |
        Temple |    313 |    190 |    123 |      0 |    160 |   1 |  313.0 |
          Lair |   9719 |   9321 |    398 |   4129 |   3793 |   6 | 1619.8 |
      Gauntlet |    805 |    805 |      0 |    435 |    177 |   1 |  805.0 |
               +--------+--------+--------+--------+--------+-----+--------+
Top levels by time: Lair:3: 2340 daAuts Lair:1: 2299 daAuts Lair:4: 1895 daAuts Lair:5: 1804 daAuts D:8: 1798 daAuts D:10: 1737 daAuts D:9: 1518 daAuts Lair:2: 1253 daAuts Gauntlet: 805 daAuts D:7: 427 daAuts Note: time per level data comes from an upgraded game and may be incomplete.
